3L
KINGSTON TOWNSHIP LEGION 9 @ LONE STAR BC
09/23/2019
 
TOP OF THE 1ST
Kingston Township Legion 9 batting - Pitching for Lone Star BC : RHP Miguel González
Pitching: RHP Miguel González
Batting: RHB António Varela 0-0: Ball
1-0: Ball
2-0: Foul Ball, location: 2F
2-1: Ball
3-1: Fly out, F4 (Line Drive, 4M)
Batting: RHB Chet Nix 0-0: Ball
1-0: Swinging Strike
1-1: Ball
2-1: Foul Ball, location: 2F
2-2: Foul Ball, location: 2F
2-2: Ball
3-2: Foul Ball, location: 2F
3-2: Fly out, F4 (Popup, 4)
Batting: LHB Clay Rush 0-0: Ball
1-0: SINGLE (Groundball, 34D)
Batting: LHB Gonzalo López 0-0: Called Strike
0-1: Foul Ball, location: 2F
0-2: Ball
1-2: Ball
2-2: Foul Ball, location: 2F
2-2: Strikes out swinging
Top of the 1st over - 0 run(s), 1 hit(s), 0 error(s), 1 left on base; Kingston Township 0 - Lone Star 0
BOTTOM OF THE 1ST
Lone Star BC batting - Pitching for Kingston Township Legion 9 : RHP Clarence Ramsey
Pitching: RHP Clarence Ramsey
Batting: LHB William Wise 0-0: Called Strike
0-1: Called Strike
0-2: Ball
1-2: Fly out, F2 (Popup, 2RF)
Batting: SHB Leonard O'Connor 0-0: Ball
1-0: Fly out, F9 (Flyball, 89D)
Batting: RHB Luis Mendoza 0-0: Ball
1-0: Called Strike
1-1: Foul Ball, location: 2F
1-2: Ground out 6-3 (Groundball, 6M)
Bottom of the 1st over - 0 run(s), 0 hit(s), 0 error(s), 0 left on base; Kingston Township 0 - Lone Star 0
TOP OF THE 2ND
Kingston Township Legion 9 batting - Pitching for Lone Star BC : RHP Miguel González
Batting: RHB Akihiko Oike 0-0: Ball
1-0: Ball
2-0: Ball
3-0: Swinging Strike
3-1: Foul Ball, location: 2F
3-2: Strikes out swinging
Batting: RHB Pedro Mendoza 0-0: SOLO HOME RUN (Flyball, 78XD), Distance : 385 ft
Batting: LHB John Holbrook 0-0: SINGLE (Groundball, 34D)
Batting: LHB Wallace James 0-0: Called Strike
0-1: Ball
1-1: Ball
2-1: Grounds into double play, 1-4-3 (Groundball, 13)
Top of the 2nd over - 1 run(s), 2 hit(s), 0 error(s), 0 left on base; Kingston Township 1 - Lone Star 0
BOTTOM OF THE 2ND
Lone Star BC batting - Pitching for Kingston Township Legion 9 : RHP Clarence Ramsey
Batting: SHB Virgil Eberle 0-0: Ball
1-0: Ball
2-0: Ball
3-0: Base on Balls
Batting: RHB Steve Dunn 0-0: Foul Ball, location: 2F
0-1: Foul Ball, location: 2F
0-2: Ball
Wild Pitch!
Virgil Eberle to second
1-2: Strikes out swinging
Batting: RHB Nathan Clay 0-0: Called Strike
0-1: Foul Ball, location: 2F
0-2: Foul Ball, location: 2F
0-2: Ball
1-2: Strikes out looking
Batting: RHB Brian Williams 0-0: Intentional Walk
Batting: RHB Miguel González 0-0: Called Strike
0-1: Called Strike
0-2: Foul Ball, location: 2F
0-2: Ball
1-2: Foul Ball, location: 2F
1-2: Ball
2-2: Strikes out swinging
Bottom of the 2nd over - 0 run(s), 0 hit(s), 0 error(s), 2 left on base; Kingston Township 1 - Lone Star 0
TOP OF THE 3RD
Kingston Township Legion 9 batting - Pitching for Lone Star BC : RHP Miguel González
Batting: RHB Clarence Ramsey 0-0: DOUBLE (Line Drive, 9LM)
Batting: RHB António Varela 0-0: Called Strike
0-1: Ball
1-1: Foul Ball, location: 2F
1-2: Foul Ball, location: 2F
1-2: Ground out 4-3 (Groundball, 4S)
Clarence Ramsey to third
Batting: RHB Chet Nix 0-0: Called Strike
0-1: Ball
1-1: Called Strike
1-2: Ground out 5-3 (Groundball, 5)
Batting: LHB Clay Rush 0-0: Ball
1-0: Ball
2-0: Ball
3-0: Base on Balls
Batting: LHB Gonzalo López 0-0: Called Strike
0-1: Ball
1-1: Foul Ball, location: 2F
1-2: Foul Ball, location: 2F
1-2: 3-RUN HOME RUN (Flyball, 9D), Distance : 357 ft
Batting: RHB Akihiko Oike 0-0: Ball
1-0: Ball
2-0: Swinging Strike
2-1: Called Strike
2-2: Ball
3-2: SINGLE (Line Drive, 56)
Batting: RHB Pedro Mendoza 0-0: Ball
1-0: Called Strike
1-1: Foul Ball, location: 2F
1-2: Foul Ball, location: 2F
1-2: Foul Ball, location: 2F
1-2: Foul Ball, location: 2F
1-2: Fielders Choice at 2nd, 5-4 (Groundball, 5)
Top of the 3rd over - 3 run(s), 3 hit(s), 0 error(s), 0 left on base; Kingston Township 4 - Lone Star 0
BOTTOM OF THE 3RD
Lone Star BC batting - Pitching for Kingston Township Legion 9 : RHP Clarence Ramsey
Batting: RHB Soseki Matsunaga 0-0: Called Strike
0-1: Ball
1-1: Called Strike
1-2: Ball
2-2: Strikes out looking
Batting: LHB William Wise 0-0: Foul Ball, location: 2F
0-1: Ground out 4-3 (Groundball, 4M)
Batting: SHB Leonard O'Connor 0-0: Called Strike
0-1: Ball
1-1: SOLO HOME RUN (Flyball, 9LD), Distance : 344 ft
Batting: RHB Luis Mendoza 0-0: Ball
1-0: Ball
2-0: Fly out, F6 (Popup, 5DF)
Bottom of the 3rd over - 1 run(s), 1 hit(s), 0 error(s), 0 left on base; Kingston Township 4 - Lone Star 1
TOP OF THE 4TH
Kingston Township Legion 9 batting - Pitching for Lone Star BC : RHP Miguel González
Batting: LHB John Holbrook 0-0: Ball
1-0: Called Strike
1-1: Ball
2-1: Foul Ball, location: 2F
2-2: Ball
3-2: Strikes out swinging
Batting: LHB Wallace James 0-0: Ball
1-0: Ball
2-0: Called Strike
2-1: Foul Ball, location: 2F
2-2: Foul Ball, location: 2F
2-2: Ball
3-2: Ground out 4-3 (Groundball, 34)
Now at 2B: Gregory Johnson
Batting: RHB Clarence Ramsey 0-0: SINGLE (Flyball, 9LM)
Pitching: RHP Floyd MacFadden
Batting: RHB António Varela 0-0: Ball
1-0: Ground out 1-3 (Groundball, 13S)
Top of the 4th over - 0 run(s), 1 hit(s), 0 error(s), 1 left on base; Kingston Township 4 - Lone Star 1
BOTTOM OF THE 4TH
Lone Star BC batting - Pitching for Kingston Township Legion 9 : RHP Clarence Ramsey
Batting: SHB Virgil Eberle 0-0: Ball
1-0: Called Strike
1-1: Foul Ball, location: 2F
1-2: Strikes out looking
Batting: RHB Steve Dunn 0-0: Ball
1-0: Foul Ball, location: 2F
1-1: Foul Ball, location: 2F
1-2: Foul Ball, location: 2F
1-2: Fly out, F8 (Flyball, 8LS)
Batting: RHB Nathan Clay 0-0: Ball
1-0: Ball
2-0: Ball
3-0: Base on Balls
Batting: RHB Brian Williams 0-0: Ball
Wild Pitch!
Nathan Clay to second
1-0: Ball
2-0: Called Strike
2-1: Ball
3-1: Base on Balls
Pinch Hitting: RHB Vicente Toro 0-0: Ball
1-0: Called Strike
1-1: Swinging Strike
1-2: Strikes out looking
Bottom of the 4th over - 0 run(s), 0 hit(s), 0 error(s), 2 left on base; Kingston Township 4 - Lone Star 1
TOP OF THE 5TH
Kingston Township Legion 9 batting - Pitching for Lone Star BC : RHP Floyd MacFadden
Pitching: RHP Burt Booth
Batting: RHB Chet Nix 0-0: Ball
1-0: Called Strike
1-1: Foul Ball, location: 2F
1-2: Strikes out looking
Batting: LHB Clay Rush 0-0: Called Strike
0-1: Ground out 4-3 (Groundball, 4)
Batting: LHB Gonzalo López 0-0: Ball
1-0: Ball
2-0: Foul Ball, location: 2F
2-1: Foul Ball, location: 2F
2-2: Foul Ball, location: 2F
2-2: Ground out 4-3 (Groundball, 34)
Top of the 5th over - 0 run(s), 0 hit(s), 0 error(s), 0 left on base; Kingston Township 4 - Lone Star 1
BOTTOM OF THE 5TH
Lone Star BC batting - Pitching for Kingston Township Legion 9 : RHP Clarence Ramsey
Batting: LHB Gregory Johnson 0-0: Ball
1-0: Ball
2-0: Ground out 3-1 (Groundball, 3)
Batting: LHB William Wise 0-0: Ground out 4-3 (Groundball, 4)
Batting: SHB Leonard O'Connor 0-0: Ball
1-0: Ground out 4-3 (Groundball, 4)
Bottom of the 5th over - 0 run(s), 0 hit(s), 0 error(s), 0 left on base; Kingston Township 4 - Lone Star 1
TOP OF THE 6TH
Kingston Township Legion 9 batting - Pitching for Lone Star BC : RHP Burt Booth
Batting: RHB Akihiko Oike 0-0: Ball
1-0: Swinging Strike
1-1: Ball
2-1: Foul Ball, location: 2F
2-2: Ball
3-2: Strikes out swinging
Batting: RHB Pedro Mendoza 0-0: Ball
1-0: Called Strike
1-1: Swinging Strike
1-2: Foul Ball, location: 2F
1-2: Ball
2-2: Strikes out swinging
Batting: LHB John Holbrook 0-0: Called Strike
0-1: Ball
1-1: DOUBLE (Line Drive, 9LM)
Batting: LHB Wallace James 0-0: Intentional Walk
Batting: RHB Clarence Ramsey 0-0: Ball
1-0: Called Strike
1-1: Ball
2-1: Ball
3-1: Base on Balls
John Holbrook to third
Wallace James to second
Batting: RHB António Varela 0-0: Called Strike
0-1: Called Strike
0-2: Ball
1-2: Strikes out looking
Top of the 6th over - 0 run(s), 1 hit(s), 0 error(s), 3 left on base; Kingston Township 4 - Lone Star 1
BOTTOM OF THE 6TH
Lone Star BC batting - Pitching for Kingston Township Legion 9 : RHP Clarence Ramsey
Batting: RHB Luis Mendoza 0-0: Ball
1-0: Ball
2-0: Ground out 6-3 (Groundball, 6M)
Batting: SHB Virgil Eberle 0-0: Ground out 5-3 (Groundball, 5)
Batting: RHB Steve Dunn 0-0: Called Strike
0-1: Foul Ball, location: 2F
0-2: Ball
1-2: Strikes out swinging
Bottom of the 6th over - 0 run(s), 0 hit(s), 0 error(s), 0 left on base; Kingston Township 4 - Lone Star 1
TOP OF THE 7TH
Kingston Township Legion 9 batting - Pitching for Lone Star BC : RHP Burt Booth
Pitching: RHP Juan Piña
Now in CF: Ray Merrill
Batting: RHB Chet Nix 0-0: Ball
1-0: Ball
2-0: Ball
3-0: Called Strike
3-1: Called Strike
3-2: Strikes out swinging
Batting: LHB Clay Rush 0-0: Ball
1-0: Ball
2-0: SINGLE (Flyball, 7LS)
Batting: LHB Gonzalo López 0-0: Called Strike
0-1: Foul Ball, location: 2F
0-2: Foul Ball, location: 2F
0-2: Foul Ball, location: 2F
0-2: Hit by Pitch
Clay Rush to second
Batting: RHB Akihiko Oike 0-0: Ball
1-0: Ball
2-0: Ball
3-0: Called Strike
3-1: Foul Ball, location: 2F
3-2: Strikes out swinging
Batting: RHB Pedro Mendoza 0-0: Ball
1-0: Ground out 5-3 (Groundball, 56S)
Top of the 7th over - 0 run(s), 1 hit(s), 0 error(s), 2 left on base; Kingston Township 4 - Lone Star 1
BOTTOM OF THE 7TH
Lone Star BC batting - Pitching for Kingston Township Legion 9 : RHP Clarence Ramsey
Batting: RHB Nathan Clay 0-0: Ball
1-0: Ball
2-0: Called Strike
2-1: Foul Ball, location: 2F
2-2: Ball
3-2: SINGLE (Flyball, 9S)
Batting: RHB Brian Williams 0-0: Ball
1-0: Called Strike
Nathan Clay steals 2nd base
1-1: Foul Ball, location: 2F
1-2: Strikes out swinging
Batting: LHB Ray Merrill 0-0: Ball
1-0: Ball
2-0: SINGLE (Groundball, 6M)
Nathan Clay to third
Runner from 3rd tries for Home, SAFE, no throw or cutoff
Pitching: RHP José Salinas
Now at C: Ricardo Rentería
Batting: LHB Gregory Johnson 0-0: Ball
1-0: Called Strike
1-1: Ball
2-1: Fly out, F7 (Flyball, 7M)
Pinch Hitting: LHB Maxwell Ings 0-0: Called Strike
0-1: Ball
1-1: Ball
2-1: Ball
Ray Merrill steals 2nd base
3-1: Ground out 1-3 (Groundball, 13)
Bottom of the 7th over - 1 run(s), 2 hit(s), 0 error(s), 1 left on base; Kingston Township 4 - Lone Star 2
TOP OF THE 8TH
Kingston Township Legion 9 batting - Pitching for Lone Star BC : RHP Juan Piña
Pitching: LHP Katai Ichikawa
Batting: LHB John Holbrook 0-0: Called Strike
0-1: Swinging Strike
0-2: Ball
1-2: Fly out, F7 (Flyball, 78M)
Pitching: RHP Denny Marshall
Batting: LHB Wallace James 0-0: Fly out, F8 (Flyball, 8LM)
Batting: SHB Ricardo Rentería 0-0: Called Strike
0-1: Ball
1-1: Fly out, F9 (Flyball, 9M)
Top of the 8th over - 0 run(s), 0 hit(s), 0 error(s), 0 left on base; Kingston Township 4 - Lone Star 2
BOTTOM OF THE 8TH
Lone Star BC batting - Pitching for Kingston Township Legion 9 : RHP José Salinas
Now in RF: Wilfrid Savary
Batting: SHB Leonard O'Connor 0-0: Ball
1-0: Ball
2-0: Foul Ball, location: 2F
2-1: SINGLE (Groundball, 34D)
Batting: RHB Luis Mendoza 0-0: Fielders Choice at 2nd, 6-4 (Groundball, 6M)
Batting: SHB Virgil Eberle 0-0: Fly out, F5 (Popup, 5S)
Batting: RHB Steve Dunn 0-0: Ball
1-0: Called Strike
1-1: SINGLE (Flyball, 78S)
Luis Mendoza to second
Batting: RHB Nathan Clay 0-0: Ball
1-0: Ball
2-0: Ball
3-0: Called Strike
3-1: Base on Balls
Luis Mendoza to third
Steve Dunn to second
Batting: RHB Brian Williams 0-0: DOUBLE (Flyball, 78XD)
Luis Mendoza scores
Steve Dunn scores
Nathan Clay to third
Runner from 3rd tries for Home, SAFE, no throw or cutoff
Pitching: RHP Jorge Beltrán
Now in RF: Marcos Zúñiga
Batting: LHB Ray Merrill 0-0: Foul Ball, location: 2F
0-1: DOUBLE (Line Drive, 89D)
Brian Williams scores
Batting: LHB Gregory Johnson 0-0: Swinging Strike
0-1: Ball
1-1: Called Strike
1-2: Reached on error, E3 (Groundball, 34)
Ray Merrill scores
Batting: RHB Denny Marshall 0-0: Ball
1-0: Foul Ball, location: 2F
1-1: Ball
2-1: Ball
3-1: Ground out 4-3 (Groundball, 4)
Bottom of the 8th over - 5 run(s), 4 hit(s), 1 error(s), 1 left on base; Kingston Township 4 - Lone Star 7
TOP OF THE 9TH
Kingston Township Legion 9 batting - Pitching for Lone Star BC : RHP Denny Marshall
Pitching: RHP Bill Schneider
Batting: RHB António Varela 0-0: Foul Ball, location: 2F
0-1: Ball
1-1: Fly out, F9 (Flyball, 9S)
Batting: LHB Marcos Zúñiga 0-0: Called Strike
0-1: Foul Ball, location: 2F
0-2: Ball
1-2: Strikes out looking
Batting: LHB Clay Rush 0-0: Ball
1-0: Fly out, F8 (Flyball, 8RD)
Top of the 9th over - 0 run(s), 0 hit(s), 0 error(s), 0 left on base; Kingston Township 4 - Lone Star 7
This league is powered by Out of the Park Baseball, the baseball management simulation game for PC, Mac and Linux
Saturday, July 25th, 2015 - OOTP Baseball 15.6 Build 34